 Dungeon Crawl Stone Soup version 0.30-a0-170-g85af917532 (webtiles) character file.

Game seed: 5551510847346074467

2408 jimonade the Cruncher (level 9, 0/52 (65) HPs)
             Began as a Formicid Fighter on Sept 30, 2022.
             Was a Believer of Okawaru.
             Slain by a wight
             ... wielding a +3 halberd
              (6 damage)
             ... on level 7 of the Dungeon.
             The game lasted 00:16:29 (8559 turns).

jimonade the Cruncher (Formicid Fighter)            Turns: 8559, Time: 00:16:30

HP:   0/52 (65)     AC:  5    Str: 26    XL:     9   Next: 75%
MP:   9/9           EV: 10    Int:  7    God:    Okawaru [**....]
Gold: 210           SH:  6    Dex: 13    Spells: 8/8 levels left

rFire   . . .      SeeInvis +    a - +0 quarterstaff
rCold   . . .      Faith    .    c - +1 buckler
rNeg    . . .      Spirit   .    A - +0 troll leather armour {Pargi}
rPois   .          Reflect  .    (helmet unavailable)
rElec   .          Harm     .    (no cloak)
rCorr   .          Rampage  .    (no gloves)
Will    .....                    F - +0 pair of boots
Stlth   +.........               (no amulet)
HPRegen 0.97/turn                (no ring)
MPRegen 0.11/turn                (no ring)

@: heavily drained
A: permanent stasis, dig shafts and tunnels, antennae 3, four strong arms
a: Dig, Shaft Self, Renounce Religion, Heroism


You were on level 7 of the Dungeon.
You worshipped Okawaru.
Okawaru was pleased with you.
You visited 2 branches of the dungeon, and saw 7 of its levels.
You also visited: Sewer.

You collected 210 gold pieces.

Inventory:

Hand Weapons
 a - a +0 quarterstaff (weapon)
 q - a +0 dagger of venom
 v - a +2 spear of venom
 w - a +1 dagger of draining
 H - a +3 battleaxe
 I - a +3 scimitar
 L - a +5 dagger
 M - a +5 short sword
 N - a +2 halberd of freezing
Missiles
 k - 3 boomerangs of dispersal
 s - 6 boomerangs
 O - a curare-tipped dart
Armour
 b - a +0 scale mail
 c - a +1 buckler (worn)
 t - a +1 robe of cold resistance
 A - a +0 troll leather armour (worn) {Pargi}
 D - a +0 plate armour
 E - a +0 buckler
 F - a +0 pair of boots (worn)
Magical Staves
 B - a staff of cold
 G - a staff of poison
Jewellery
 C - an amulet of magic regeneration
 Q - a ring of magical power
Wands
 K - a wand of mindburst (20)
Scrolls
 e - a scroll of silence
 f - 7 scrolls of identify
 h - a scroll of amnesia
 l - 2 scrolls of poison {unknown}
 m - a scroll of noise {unknown}
 n - a scroll of fog {unknown}
 o - 2 scrolls of teleportation
 p - a scroll of immolation
 y - a scroll of enchant armour
 J - a scroll of fear {unknown}
 P - a scroll of vulnerability {unknown}
Potions
 d - a potion of might
 g - 3 potions of magic
 i - 2 potions of degeneration {unknown}
 j - 2 potions of curing {unknown}
 r - a potion of resistance {unknown}
 u - 2 potions of ambrosia {unknown}
 x - a potion of brilliance {unknown}
 z - a potion of invisibility {unknown}


   Skills:
 + Level 3.8 Fighting
 + Level 12.2 Staves
 + Level 3.5 Armour
 * Level 4.6 Shields


You had 8 spell levels left.
You didn't know any spells.
Your spell library contained the following spells:

 Spells                   Type           Power      Damage    Failure   Level
 Shock                    Conj/Air       0%         1d3       54%         1
 Ensorcelled Hibernation  Hex/Ice        0%         N/A       67%         2
 Spider Form              Tmut/Pois      0%         N/A       88%         3
 Airstrike                Air            0%         2d(0-16)  99%         4
 Anguish                  Hex/Necr       0%         N/A       99%         4
 Swiftness                Air            Unusable   N/A       N/A         3

Dungeon Overview and Level Annotations

Branches:
Dungeon (7/15)             Temple (1/1) D:5           Sewer (visited)

Altars:
Ashenzari
Cheibriados
Hepliaklqana
Kikubaaqudgha
Makhleb
Nemelex Xobeh
Okawaru
Qazlal
Ru
Sif Muna
Uskayaw
Vehumet
Xom
Yredelemnul
Zin
The Shining One

Shops:
D:1 ?   D:5 ((([*

Portals:
Bailey: D:7


Innate Abilities, Weirdness & Mutations

You cannot be hasted, slowed, berserked, paralysed or teleported.
You can dig through walls and to a lower floor.
You have a pair of large antennae on your head. (SInv)
Your four strong arms can wield two-handed weapons with a shield.


Message History

a +0 scimitar; a +0 robe The wight misses you.
Things that are here:
a +0 scimitar; a +0 robe You sock the wight!
The wight is almost destroyed.
You block the wight's attack.
You closely miss the wight.
The wight is almost destroyed.
The wight hits you with a +0 spear.
You feel drained.
You sock the wight!
You destroy the wight!
Okawaru accepts your kill.
You sock the wight!
The wight is heavily damaged.
The wight hits you with a +0 long sword!
You feel drained.
You hit the wight.
The wight is severely damaged.
You block the wight's attack.
You sock the wight!
You destroy the wight!
Okawaru accepts your kill. The wight barely misses you.
You block the wight's attack.
Items here: )) [[.
You hit the wight.
The wight is lightly damaged.
You hit the wight but do no damage.
The wight is lightly damaged.
The wight barely misses you.
You hit the wight but do no damage.
The wight is lightly damaged.
The wight hits you with a +3 halberd.
You feel drained.
You sock the wight!
The wight is almost destroyed.
The wight hits you with a +3 halberd!
* * * LOW HITPOINT WARNING * * *
You feel drained.
You die...

..#)#................+ ..?....
#.#)#.#..............##. .......
..#)#.#.>............... .......
..#)#.#...............# .......
###.#.#...............+..........
#...#.#..............##..........
#.###...........z######..........
#. ############z# #.......... #.
#@# #.......... ## #)# #..#######
#.# #..####### #)# #......... #.#
##.####### #.# #.# #.# #.# #.#
#.# #.########.#


You could see 2 wights.

Vanquished Creatures
  Sigmund (D:3)
  A water moccasin (D:5)
  Pargi (Sewer)
  2 sky beasts (D:6)
  An ice beast (D:5)
  2 ogres (D:6)
  A phantom (D:6)
  A kobold brigand (D:6)
  2 bullfrogs (D:6)
  A scorpion (D:3)
  15 wights
  2 orc priests (D:3)
  A hound (D:5)
  2 jellies (D:5)
  An iron imp (D:3)
  An iguana (D:5)
  An orc wizard (D:5)
  Robin (D:3)
  4 gnolls
  3 adders
  2 river rats (D:6)
  A shadow imp (D:3)
  A white imp (D:6)
  2 ufetubi
  2 worms (D:6)
  A dart slug (D:2)
  21 orcs
  4 ball pythons
  9 bats
  9 endoplasms
  2 giant cockroaches
  18 goblins
  7 hobgoblins
  9 jackals
  10 kobolds
  3 quokkas
  5 frilled lizards
  6 rats
156 creatures vanquished.

Vanquished Creatures (others)
  A fungus (D:3)
  2 plants
3 creatures vanquished.

Grand Total: 159 creatures vanquished

Notes
Turn   | Place    | Note
-------+----------+-------------------------------------------
     0 | D:1      | jimonade the Formicid Fighter began the quest for the Orb.
     0 | D:1      | Reached XP level 1. HP: 18/18 MP: 1/1
   199 | D:1      | Reached XP level 2. HP: 24/24 MP: 2/2
   342 | D:1      | Reached skill level 3 in Staves
   527 | D:1      | Reached XP level 3. HP: 29/29 MP: 3/3
   805 | D:1      | Found Dedotuxear's Magic Scroll Emporium.
  1780 | D:2      | Reached skill level 4 in Staves
  1780 | D:2      | Reached XP level 4. HP: 20/35 MP: 4/4
  3107 | D:3      | Reached XP level 5. HP: 41/41 MP: 5/5
  3300 | D:3      | Reached skill level 5 in Staves
  3667 | D:3      | Noticed Sigmund
  3786 | D:3      | Killed Sigmund
  3787 | D:3      | Reached skill level 6 in Staves
  3787 | D:3      | Reached XP level 6. HP: 21/47 MP: 6/6
  4237 | D:3      | Reached skill level 7 in Staves
  4237 | D:3      | Reached XP level 7. HP: 44/52 MP: 7/7
  4414 | D:3      | Noticed Robin
  4571 | D:3      | Killed Robin
  4712 | D:3      | Found a broken altar of Ashenzari.
  4718 | D:3      | Found a sacrificial altar of Ru.
  4729 | D:3      | Found a snail-covered altar of Cheibriados.
  4923 | D:3      | You fall into a shaft and drop 2 floors!
  4923 | D:5      | Entered Level 5 of the Dungeon
  5151 | D:5      | Found Wuabial's Weapon Boutique.
  5226 | D:5      | Found Wureg's Antique Weapon Shoppe.
  5234 | D:5      | Found a staircase to the Ecumenical Temple.
  5262 | D:5      | Reached skill level 8 in Staves
  5269 | Temple   | Entered the Ecumenical Temple
  5465 | Temple   | Became a worshipper of Warmaster Okawaru
  5478 | D:5      | Found Gasho's Weapon Shop.
  5495 | D:5      | Found a shimmering altar of Xom.
  5513 | D:5      | Found Vaskachu's Assorted Antiques.
  5535 | D:5      | Found Vofuil's Armour Shop.
  5585 | D:5      | Noticed a water moccasin
  5597 | D:5      | Killed a water moccasin
  5598 | D:5      | Reached XP level 8. HP: 24/58 MP: 8/8
  6264 | D:6      | Reached skill level 9 in Staves
  6352 | D:6      | Found a glowing drain.
  6368 | Sewer    | Entered a sewer
  6419 | Sewer    | Noticed Pargi
  6438 | Sewer    | Killed Pargi
  6438 | Sewer    | Reached * piety under Okawaru
  6695 | D:6      | Reached skill level 10 in Staves
  6874 | D:5      | Reached XP level 9. HP: 18/63 MP: 9/9
  6991 | D:6      | Reached skill level 11 in Staves
  7125 | D:6      | Reached ** piety under Okawaru
  7800 | D:6      | Reached skill level 12 in Staves
  8499 | D:7      | Found a flagged portal.
  8559 | D:7      | Slain by a wight

Illustrated notes

Levels and vault maps discovered:
D:1:      dpeg_arrival_lava_temple_mockup, layout_basic, serial_shops,
          nicolae_shop_advertising_works [nicolae_subvault_shop_adworks],
          minmay_tetromino_o4
D:2:      layout_loops_ring, serial_co_window_serial, co_window_paths_a,
          co_window_paths_b, co_window_paths_a, co_window_of_opportunity_a,
          co_window_paths_b, co_window_broadway_b, co_window_unsneaky_path_e,
          co_window_2corner, co_window_of_opportunity_b,
          co_window_of_opportunity_c, co_window_corner_b, co_window_4corner_b,
          glass_columns_b, glass_columns_a
D:3:      minmay_angry_zag, layout_loops_ring, gammafunk_temple_overflow_statue,
          slow_altar_1, shapermc_ecumenical_altar_acropolis, minmay_cut_off,
          uniq_sigmund, uniq_robin
D:5:      layout_rooms, kennysheep_mini, minmay_temple_entry_overgrown,
          serial_shops, nicolae_square_shop, nicolae_shop_bloodbath_and_beyond,
          nicolae_lakefront_shop, nicolae_take_the_stairs, shop
D:6:      layout_rooms, lightli_sewer_entry_pipes, kennysheep_generic_room_15
D:7:      layout_basic, elyvilon_altar_3, bloody_trog, grunt_gozag_breadcrumbs,
          enter_bailey_5
Temple:   nicolae_temple_ecumenical_triangle

Skill      XL: |  1  2  3  4  5  6  7  8  9 |
---------------+----------------------------+-----
Staves         | 3 4 6 7 8 10 12 | 12.2
Fighting       | |  3.8
Armour         | |  3.5
Shields        | |  4.6

Action                   |  1- 3 |  4- 6 |  7- 9 || total
-------------------------+-------+-------+-------++-------
Melee: Quarterstaff      |    81 |   119 |   376 ||   576
  Use: Scroll            |       |       |     7 ||     7
Armor: Scale mail        |    34 |    34 |    88 ||   156
       Troll leather arm |       |       |    17 ||    17
Dodge: Dodged            |    36 |    50 |   135 ||   221
Block: Buckler           |    21 |    24 |    74 ||   119

Table legend: (Time is in decaauts)
 A = Elapsed time spent in this place.
 B = Non-inter-level travel time spent in this place.
 C = Inter-level travel time spent in this place.
 D = Time resting spent in this place.
 E = Time spent auto-exploring this place.
 F = Levels seen in this place.
 G = Mean time per level.
                   A        B        C        D        E       F      G
               +--------+--------+--------+--------+--------+-----+--------+
         Total |   8588 |   8172 |    416 |   1174 |   5082 |   8 | 1073.5 |
       Dungeon |   8171 |   7763 |    408 |   1174 |   4793 |   6 | 1361.8 |
        Temple |    205 |    197 |      8 |      0 |    170 |   1 |  205.0 |
         Sewer |    211 |    211 |      0 |      0 |    119 |   1 |  211.0 |
               +--------+--------+--------+--------+--------+-----+--------+

Top non-repeatable levels by time:
     D:3: 1757 daAuts
     D:1: 1744 daAuts
     D:6: 1613 daAuts
     D:2: 1446 daAuts
     D:5: 1424 daAuts
   Sewer: 211 daAuts
  Temple: 205 daAuts
     D:7: 185 daAuts
